 Dungeon Crawl Stone Soup version 0.18.1-48-g4cf74bf (webtiles) character file.

76 Gargoyl the Skirmisher (level 4, -1/37 HPs)
             Began as a Demonspawn Abyssal Knight on Sept 1, 2016.
             Was a Believer of Lugonu.
             Slain by a gnoll
             ... wielding a +0 whip
              (7 damage)
             ... on level 2 of the Dungeon on Sept 2, 2016.
             The game lasted 00:05:52 (1855 turns).

Gargoyl the Skirmisher (Demonspawn Abyssal Knight)  Turns: 1855, Time: 00:05:53

Health: -1/37      AC:  6    Str: 14    XL:     4   Next: 12%
Magic:  5/5        EV: 10    Int: 13    God:    Lugonu [**....]
Gold:   168        SH:  3    Dex: 12    Spells: 0 memorised, 3 levels left

rFire  . . .     SeeInvis .     a - +2 hand axe
rCold  . . .     Gourm    .     u - +0 ring mail
rNeg   . . .     Faith    .     k - +0 buckler
rPois  .         Spirit   .     (no helmet)
rElec  .         Dismiss  .     o - +0 cloak
rCorr  .         Reflect  .     (no gloves)
SustAt .         Harm     .     (no boots)
MR     .....                    (no amulet)
Stlth  ..........               (no ring)
                                (no ring)

@: hasted, very quick, not resistant to hostile enchantments, extremely
unstealthy
A: hooves 1
a: Depart the Abyss, Bend Space, Renounce Religion


You were on level 2 of the Dungeon.
You worshipped Lugonu.
Lugonu was pleased with you.
You were not hungry.

You visited 1 branch of the dungeon, and saw 3 of its levels.
You visited the Abyss 1 time.

You collected 168 gold pieces.

Inventory:

Hand Weapons
 a - a +2 hand axe (weapon)
Missiles
 s - 7 javelins (quivered)
Armour
 k - a +0 buckler (worn)
 o - a +0 cloak (worn)
 u - a +0 ring mail (worn)
Wands
 g - a wand of lightning (3/15)
Scrolls
 e - a scroll of enchant armour {unknown}
 i - 3 scrolls of identify {unknown}
 l - a scroll of noise {unknown}
 m - a scroll of remove curse {unknown}
 n - a scroll of random uselessness {unknown}
 r - a scroll of enchant weapon
Potions
 b - 2 potions of magic
 d - a potion of invisibility {unknown}
 h - a potion of degeneration {unknown}
 q - a potion of lignification {unknown}
 t - a potion of curing {unknown}
 w - a potion of haste
Comestibles
 c - 2 bread rations
 f - 2 slices of pizza
 j - a meat ration
 p - a royal jelly
 v - 2 chunks of flesh


   Skills:
 + Level 3.7 Fighting
 + Level 2.2 Axes
 * Level 2.5 Armour
 + Level 1.5 Dodging
 + Level 0.1 Shields
 + Level 2.6 Invocations


You had 3 spell levels left.
You didn't know any spells.

Dungeon Overview and Level Annotations

Branches:
Dungeon (3/15)

Altars:
Cheibriados


Innate Abilities, Weirdness & Mutations

You have large cloven feet.


Message History

You closely miss the gnoll. Your kick misses the gnoll.
The gnoll is heavily wounded.
The gnoll hits you but does no damage.
You barely miss the gnoll.
The gnoll is heavily wounded.
The gnoll hits you with a whip.
* * * LOW HITPOINT WARNING * * *
The gnoll hits you with a whip.
* * * LOW HITPOINT WARNING * * *
You hit the gnoll.
The gnoll is heavily wounded.
The gnoll hits you but does no damage.
Drink which item? (? for menu, Esc to quit)
It was a potion of magic.
Magic courses through your body. The gnoll hits you with a whip.
* * * LOW HITPOINT WARNING * * *
Drink which item? (? for menu, Esc to quit)
It was a potion of haste.
You feel yourself speed up. The gnoll hits you with a whip!
You die...

#.####.###.# ##.#.##.##.........
.†.#...#...#####.#.##.##.........
...#.###..........(...##.........
##...###............#####........
#...................###...>.....
#.#.###.........................
##.#...............#.###.........
...####..............###.........
#### #.........@g...##..........
#.....#).##.##.............
##..##.#.##..#..#)##........ ##
###...##.#.##.##.##†###......#
.###....###...#..##.##(##########
..##.#..# ##........##..#
........# ##...##..###.#
........#####.##....# #.##
.###.[...(.##.#..##.###..#


You could see a gnoll.

Vanquished Creatures
  2 adders (D:2)
  An ooze (D:1)
  2 worms
  A dart slug (D:2)
  A ball python (D:1)
  2 giant cockroaches (D:1)
  7 goblins
  5 hobgoblins
  2 jackals (D:1)
  3 bats
  3 giant newts
  5 kobolds
  12 rats
46 creatures vanquished.

Notes
Turn   | Place    | Note
--------------------------------------------------------------
     0 | Abyss:1  | Gargoyl the Demonspawn Abyssal Knight began the quest for the Orb.
     0 | Abyss:1  | Reached XP level 1. HP: 18/18 MP: 2/2
    91 | Abyss:2  | Noticed a small abomination
   107 | Abyss:2  | Noticed a large abomination
   115 | Abyss:2  | Noticed a small abomination
   117 | D:1      | Escaped the Abyss
   387 | D:1      | Gained mutation: You have large cloven feet. [demonic ancestry]
   387 | D:1      | Reached XP level 2. HP: 19/24 MP: 3/3
   488 | D:1      | Reached * piety under Lugonu
   494 | D:1      | Reached skill level 1 in Dodging
   908 | D:1      | Found a snail-covered altar of Cheibriados.
   914 | D:1      | Reached XP level 3. HP: 29/29 MP: 4/4
  1711 | D:2      | Reached ** piety under Lugonu
  1781 | D:2      | Reached XP level 4. HP: 36/37 MP: 5/5
  1855 | D:2      | Slain by a gnoll

Skill      XL: |  1  2 |
---------------+-------+-----
Armour         | 2 |  2.5
Dodging        | 1 |  1.5
Axes           | 2 |  2.2
Fighting       | |  3.7
Shields        | |  0.1
Invocations    | |  2.6

Action                   |  1- 3 |  4- 6 || total
-------------------------+-------+-------++-------
Melee: Hand axe          |   105 |    20 ||   125
       Kick              |    19 |     8 ||    27
Invok: Depart the Abyss  |     1 |       ||     1
  Use: Scroll            |     2 |       ||     2
       Potion            |     1 |     2 ||     3
  Eat: Chunk             |     3 |       ||     3
Armor: Leather armour    |    16 |       ||    16
       Ring mail         |    12 |     7 ||    19
Dodge: Dodged            |    65 |    12 ||    77
Block: Buckler           |     6 |     5 ||    11
